 Dungeon Crawl Stone Soup version 0.18.1-50-g88ac8fd (webtiles) character file.

5457 Dioneo the Cleaver (level 10, -1/77 HPs)
             Began as a Hill Orc Abyssal Knight on Oct 24, 2016.
             Was a Believer of Lugonu.
             Succumbed to a manticore's barbed spikes
             ... on level 1 of the Lair of Beasts.
             The game lasted 00:34:27 (13057 turns).

Dioneo the Cleaver (Hill Orc Abyssal Knight)       Turns: 13057, Time: 00:34:27

Health: -1/77      AC: 17    Str: 19    XL:     10   Next: 68%
Magic:  12/18      EV:  6    Int: 12    God:    Lugonu [**....]
Gold:   410        SH:  0    Dex: 10    Spells: 0 memorised, 9 levels left

rFire  + . .     SeeInvis .     F - +0 broad axe
rCold  x . .     Gourm    .     o - +0 plate armour
rNeg   . . .     Faith    .     (no shield)
rPois  .         Spirit   .     a - +0 helmet
rElec  .         Dismiss  .     k - +0 cloak
rCorr  +         Reflect  .     E - +0 pair of gloves
SustAt .         Harm     .     (no boots)
MR     .....                    (no amulet)
Stlth  ..........               C - ring of resist corrosion
                                G - ring of fire

@: manticore barbs, not resistant to hostile enchantments, extremely unstealthy
A: no striking features
a: Depart the Abyss, Bend Space, Renounce Religion


You were on level 1 of the Lair of Beasts.
You worshipped Lugonu.
Lugonu was pleased with you.
You were near starving.

You visited 2 branches of the dungeon, and saw 9 of its levels.
You visited the Abyss 2 times.
You also visited: Volcano.

You collected 410 gold pieces.

Inventory:

Hand Weapons
 F - a +0 broad axe (weapon)
Missiles
 H - 3 tomahawks (quivered)
Armour
 a - a +0 helmet (worn)
 k - a +0 cloak (worn)
 o - a +0 plate armour (worn)
 E - a +0 pair of gloves (worn)
Jewellery
 t - an uncursed ring of sustain attributes
 A - an uncursed ring of wizardry
 B - a +2 ring of evasion
 C - a ring of resist corrosion (right hand)
 G - a ring of fire (left hand)
 I - the ring of Geaffit {rElec rC+ Str-3 Slay+6 Stlth-}
   (You found it on level 1 of the Lair of Beasts)

   [ring of loudness]

   It affects your strength (-3).
   It affects your accuracy and damage with ranged weapons and melee attacks
   (+6).
   It protects you from cold.
   It insulates you from electricity.
   It makes you less stealthy.
Wands
 m - a wand of digging (1/24)
Scrolls
 g - 2 scrolls of amnesia
 h - a scroll of recharging {unknown}
 i - a scroll of blinking {unknown}
 l - a scroll of fear {unknown}
 p - a scroll of remove curse
 q - 2 scrolls of enchant weapon
 r - a scroll of immolation
 u - a scroll of random uselessness {unknown}
 y - a scroll of teleportation
Potions
 e - 5 potions of flight
 f - 3 potions of cure mutation
 v - 3 potions of brilliance
 D - a potion of berserk rage {unknown}
Miscellaneous
 n - a plain deck of defence
Comestibles
 b - 9 beef jerkies
 c - 6 bread rations
 d - 2 slices of pizza
 w - 2 meat rations
 x - 7 fruits
 z - 9 royal jellies


   Skills:
 - Level 3.6 Fighting
 * Level 13.9 Axes
 + Level 7.3 Armour
 - Level 0.7 Dodging
 + Level 11.7 Invocations


You had 9 spell levels left.
You didn't know any spells.

Dungeon Overview and Level Annotations

Branches:
Dungeon (8/15)             Temple (0/1) D:7            Lair (1/8) D:8

Altars:
Makhleb
Nemelex Xobeh
Pakellas
Sif Muna
Vehumet
Xom
Yredelemnul

Shops:
D:7 [

Annotations:
D:3 1 exclusion, Blork the orc
Abyss:1 Joseph


Message History

Drink which item? (? for menu, Esc to quit)
You feel better.
The manticore flicks its tail.
The volley of spikes hits you!
The barbed spikes become lodged in your body.
* * * LOW HITPOINT WARNING * * *
The barbed spikes dig painfully into your body as you move.
* * * LOW HITPOINT WARNING * * *
The barbed spikes dig painfully into your body as you move.
* * * LOW HITPOINT WARNING * * *
The barbed spikes dig painfully into your body as you move.
* * * LOW HITPOINT WARNING * * *
There is a rocky tunnel leading out of this place here.
Welcome back to the Lair of Beasts! x2
The lindwurm roars!
There is a collapsed entrance here.
Okay, then.
A lindwurm is nearby!
The barbed spikes dig painfully into your body as you move.
You die...

#####
##k≈.#
#..≈@#
#.≈≈.#
#.≈..#
#.≈..##
#.≈...#
#.≈≈.##
##.≈..#
#.≈..#
#.≈≈.#


You could see a lindwurm.

Vanquished Creatures
  Pikel (D:4)
  Prince Ribbit (D:8)
  A fire elemental (Volcano)
  A hippogriff (D:8)
  A soldier ant (D:8)
  Duvessa (D:7)
  A water moccasin (D:8)
  A porcupine (Lair:1)
  The ghost of Strunz the Sneak, an amateur VSEn of Ashenzari (D:3)
  2 hell hounds (D:8)
  An orc warrior (D:8)
  3 sky beasts
  An ice beast (D:5)
  A black bear (D:6)
  A necrophage (D:6)
  A phantom (D:4)
  A wasp (D:8)
  4 ogres
  3 centaurs (D:7)
  3 giant frogs
  Dowan (D:7)
  3 killer bees (D:8)
  A howler monkey (D:6)
  A crimson imp (D:4)
  2 giant frog zombies
  A quasit (D:8)
  4 hounds
  3 orc priests
  Crazy Yiuf (D:5)
  A jelly (D:8)
  3 giant frog skeletons (D:7)
  2 worker ants
  Natasha (thrice) (D:3)
  An iguana (D:8)
  2 orc wizards (D:7)
  2 hound zombies
  5 adders
  2 shadow imps
  An ooze (D:4)
  2 worms
  4 dart slugs
  5 giant geckos
  25 orcs
  2 giant cockroaches
  4 goblins
  9 hobgoblins
  2 jackals (D:2)
  11 kobolds
  3 quokkas
  9 bats
  3 giant gecko zombies
  5 giant newts
  A jackal skeleton (D:5)
  A quokka skeleton (D:8)
  6 rats
161 creatures vanquished.

Vanquished Creatures (others)
  The ghost of Dioneo the Cleaver, a journeyman HOAK of Lugonu (Lair:1)
  A fire crab (Volcano)
  A two-headed ogre (D:8)
  The ghost of Patate the Sneak, an amateur SpAs (D:4)
  2 orc warriors
  A wasp (D:8)
  A slave (D:4)
  An ogre (D:4)
  A giant frog (D:4)
  A giant frog skeleton (D:4)
  A hound (D:4)
  2 orc wizards (D:4)
  An adder skeleton (D:4)
  2 worms (D:4)
  2 orcs (D:4)
  2 giant cockroaches (D:4)
  A giant newt (D:4)
22 creatures vanquished.

Grand Total: 183 creatures vanquished

Notes
Turn   | Place    | Note
--------------------------------------------------------------
     0 | Abyss:1  | Dioneo the Hill Orc Abyssal Knight began the quest for the Orb.
     0 | Abyss:1  | Reached XP level 1. HP: 19/19 MP: 2/2
    21 | D:1      | Escaped the Abyss
   214 | D:1      | Reached skill level 3 in Axes
   315 | D:1      | Reached XP level 2. HP: 19/26 MP: 4/4
   807 | D:1      | Reached ** piety under Lugonu
   808 | D:1      | Reached XP level 3. HP: 26/31 MP: 5/5
  1069 | D:2      | Found a radiant altar of Vehumet.
  1558 | D:2      | Found a radiant altar of Vehumet.
  1651 | D:2      | Reached skill level 4 in Axes
  1651 | D:2      | Reached XP level 4. HP: 35/39 MP: 7/7
  2264 | D:3      | Found an oddly glowing altar of Pakellas.
  2271 | D:3      | Noticed Natasha
  2277 | D:3      | Killed Natasha
  2277 | D:3      | Reached skill level 5 in Invocations
  2325 | D:3      | Reached *** piety under Lugonu
  2400 | D:3      | Reached XP level 5. HP: 28/45 MP: 7/9
  2600 | D:3      | Found a faded altar to an unknown god.
  2908 | D:3      | Noticed Strunz's ghost (amateur VSEn)
  2910 | D:3      | Killed Strunz's ghost
  2910 | D:3      | Reached skill level 5 in Axes
  2910 | D:3      | Reached XP level 6. HP: 51/51 MP: 10/10
  3094 | D:3      | Noticed Blork the orc
  3106 | D:3      | Found a deep blue altar of Sif Muna.
  3360 | D:3      | Noticed Natasha
  3381 | D:3      | Killed Natasha
  3817 | D:3      | Noticed Natasha
  3829 | D:3      | Killed Natasha
  3829 | D:3      | Reached skill level 6 in Axes
  4165 | D:4      | Found a sparkling altar of Nemelex Xobeh.
  4436 | D:4      | Noticed a slave
  4437 | D:4      | Noticed a slave
  4439 | D:4      | Noticed Pikel
  4462 | D:4      | Noticed Patate's ghost (amateur SpAs)
  4462 | D:4      | Killed Pikel
  4462 | D:4      | Reached skill level 8 in Axes
  4462 | D:4      | Reached XP level 7. HP: 6/57 MP: 9/13
  4463 | D:4      | Banished Patate's ghost
  4463 | D:4      | Reached XP level 8. HP: 7/64 MP: 9/14
  5590 | D:4      | Found a burning altar of Makhleb.
  5591 | D:4      | Found a shimmering altar of Xom.
  5891 | D:5      | Entered Level 5 of the Dungeon
  6164 | D:5      | Reached skill level 9 in Axes
  6251 | D:5      | Noticed Crazy Yiuf
  6262 | D:5      | Killed Crazy Yiuf
  6578 | D:5      | Found a basalt altar of Yredelemnul.
  7873 | D:6      | Reached skill level 10 in Axes
  8138 | D:6      | Reached XP level 9. HP: 58/69 MP: 16/16
  8679 | D:7      | Reached skill level 10 in Invocations
  8841 | D:7      | Found a staircase to the Ecumenical Temple.
  9181 | D:7      | Reached skill level 11 in Axes
  9184 | D:7      | Found Detusu's Armour Emporium.
  9203 | D:7      | Noticed Duvessa
  9204 | D:7      | Noticed Dowan
  9233 | D:7      | Killed Duvessa
  9236 | D:7      | Killed Dowan
  9492 | D:7      | Reached skill level 5 in Armour
 10183 | D:7      | Reached skill level 12 in Axes
 10299 | D:8      | Noticed Prince Ribbit
 10304 | D:8      | Noticed Joseph
 10311 | D:8      | Killed Prince Ribbit
 10385 | D:8      | Reached XP level 10. HP: 28/77 MP: 18/18
 10459 | D:8      | Reached **** piety under Lugonu
 10779 | D:8      | Paralysed by a wasp for 1 turns
 11079 | D:8      | Reached skill level 13 in Axes
 11290 | D:8      | Found a staircase to the Lair.
 11810 | D:8      | Cast into level 1 of the Abyss (Joseph)
 11871 | D:8      | Escaped the Abyss
 12145 | D:8      | Banished Joseph
 12557 | Lair:1   | Entered Level 1 of the Lair of Beasts
 12621 | Lair:1   | Got a translucent lead ring
 12627 | Lair:1   | Noticed Dioneo's ghost (journeyman HOAK)
 12633 | Lair:1   | Banished Dioneo's ghost
 12691 | Lair:1   | Noticed a lindwurm
 12692 | Lair:1   | Found a dark tunnel.
 12701 | Volcano  | Entered a volcano
 12755 | Volcano  | Identified the ring of Geaffit {rElec rC+ Str-3 Slay+6 Stlth-} (You found it on level 1 of the Lair of Beasts)
 13037 | Volcano  | Noticed a manticore
 13037 | Volcano  | Noticed a fire crab
 13039 | Volcano  | Banished a fire crab
 13054 | Volcano  | HP: 2/77 [barbs]
 13057 | Lair:1   | Succumbed to a manticore's barbed spikes

Skill      XL: |  1  2  3  4  5  6  7  8  9 10 |
---------------+-------------------------------+-----
Axes           | 3 4 5 8 10 12 13 | 13.9
Invocations    | 3 4 5 6 8 9 10 11 | 11.7
Armour         | 4 6 7 |  7.3
Fighting       | |  3.6
Dodging        | |  0.7

Action                   |  1- 3 |  4- 6 |  7- 9 | 10-12 || total
-------------------------+-------+-------+-------+-------++-------
Melee: Hand axe          |   101 |   171 |   235 |       ||   507
       War axe           |       |       |   198 |   152 ||   350
       Broad axe         |       |       |       |    39 ||    39
Invok: Banish            |       |     1 |     5 |     6 ||    12
       Depart the Abyss  |       |       |       |     1 ||     1
Evoke: Wand              |       |     4 |       |       ||     4
  Use: Scroll            |     3 |     2 |     9 |     1 ||    15
       Potion            |       |     3 |     4 |     5 ||    12
  Eat: Chunk             |     2 |     9 |    11 |     8 ||    30
       Pizza             |       |       |     2 |     1 ||     3
       Meat ration       |       |       |     1 |       ||     1
       Beef jerky        |       |       |     1 |       ||     1
Armor: Leather armour    |     6 |       |       |       ||     6
       Ring mail         |    25 |    59 |    15 |       ||    99
       Skin              |       |     3 |       |       ||     3
       Plate armour      |       |       |   224 |   192 ||   416
Dodge: Dodged            |    77 |    94 |   124 |    72 ||   367
